Map: Dusk Towers

Players

Miszu - Winner!

  • Race: Terran Terran
  • League: Master

ruo

  • Race: Zerg Zerg
  • League: Master

VOD

Have the link to the VOD?

Description

Time

  • Played on: April 24, 2016, 12:30 p.m.
  • Length: 19:34
Show
View Real Time Build Order
Export as new Build Order

Miszu Terran - Winner!

Build Orders: Command Center First (CC), MMM Bio 

Get SALT Encoding   

  12  0:00  SCV  
  13  0:13  SCV  
  14  0:17  Supply Depot  
  14  0:25  SCV  
  15  0:39  SCV  
  16  0:51  SCV  
  17  0:59  Command Center  
  17  1:03  SCV  
  18  1:16  Barracks  
  18  1:17  SCV  
  19  1:21  Refinery  
  19  1:29  SCV  
  20  1:41  SCV  
  21  1:51  Refinery  
  21  1:53  SCV  
  22  2:02  Marine  
  22  2:05  Orbital Command  
  23  2:11  Orbital Command  
  23  2:15  Supply Depot  
  23  2:20  Marine  
  24  2:25  Factory  
  24  2:31  SCV  
  24  2:37  SCV  
  26  2:40  Barracks Reactor  
  26  2:43  SCV  
  27  2:49  SCV  
  28  2:55  SCV  
  29  3:01  SCV  
  30  3:07  SCV  
  30  3:10  Starport  
  31  3:13  SCV  
  31  3:18  Command Center  
  31  3:19  Factory Tech Lab, SCV  
  33  3:20  Marine  
  33  3:21  Marine  
  33  3:25  SCV  
  36  3:31  SCV  
  37  3:37  Siege Tank, SCV  
  41  3:43  SCV  
  41  3:47  Fusion Core  
  42  3:49  SCV  
  43  3:55  SCV  
  43  3:57  Refinery  
  43  3:58  Refinery  
  43  4:01  SCV  
  45  4:04  Barracks  
  45  4:06  Barracks  
  45  4:08  SCV  
  46  4:22  Supply Depot  
  46  4:25  Supply Depot  
  46  4:27  Liberator  
  46  4:29  SCV x2, Orbital Command  
  51  4:31  Marine  
  51  4:32  Marine  
  50  4:41  SCV x2  
  50  4:42  Factory Tech Lab  
  55  4:46  Advanced Ballistics  
  55  4:54  Engineering Bay, Barracks Tech Lab x2, SCV x2  
  55  4:55  Engineering Bay  
  55  4:57  Orbital Command  
  57  5:03  Siege Tank  
  57  5:06  SCV x2  
  62  5:09  Barracks  
  62  5:11  Barracks, Liberator  
  62  5:12  Marine x2  
  64  5:15  Stimpack  
  64  5:18  SCV x2  
  64  5:19  Marine, Combat Shields  
  70  5:30  SCV x2  
  70  5:35  Marine x2  
  73  5:39  SCV  
  73  5:42  SCV x2  
  77  5:51  Supply Depot  
  77  5:52  Supply Depot x2  
  77  5:54  Marine x4, SCV  
  77  5:55  Terran Infantry Armor Level 1  
  85  5:57  Terran Infantry Weapons Level 1  
  85  5:58  SCV x2  
  85  5:59  Barracks Reactor x2  
  84  6:06  SCV  
  85  6:12  SCV x2  
  88  6:18  SCV  
  88  6:19  Barracks Reactor  
  88  6:20  Marine x2  
  88  6:24  SCV x2  
  92  6:27  Siege Tank  
  92  6:30  SCV  
  92  6:31  Supply Depot x2, Refinery  
  96  6:35  Armory  
  96  6:37  SCV x2  
  96  6:38  Marine x6  
  96  6:39  Medivac  
  106  6:40  Medivac  
  106  6:42  SCV  
  109  6:52  SCV x2  
  111  6:55  Marine x2  
  111  6:56  Marine x4  
  111  6:59  Marine  
  118  7:03  Marine  
  118  7:05  Siege Tank  
  119  7:12  SCV x2  
  119  7:13  Marine x3, SCV  
  125  7:19  Marine, Medivac  
  125  7:26  Barracks  
  125  7:27  Barracks x2  
  125  7:29  Supply Depot  
  125  7:30  Supply Depot x2  
  125  7:31  Marine x3, Medivac, SCV  
  131  7:41  Command Center  
  131  7:42  Terran Vehicle Weapons Level 1  
  133  7:44  Marauder  
  133  7:45  Concussive Shells  
  133  7:50  Marine x3, Siege Tank  
  133  7:51  Marine x3, Marauder  
  132  8:05  Medivac x2, Marauder  
  136  8:08  Marine x3  
  136  8:09  Marine x3  
  136  8:11  Marine  
  126  8:26  Marine x6  
  128  8:27  Marauder  
  128  8:29  Marine  
  128  8:30  Barracks Tech Lab x2  
  128  8:31  Barracks Tech Lab  
  128  8:32  Siege Tank  
  128  8:33  Terran Infantry Weapons Level 2  
  132  8:36  Terran Infantry Armor Level 2  
  132  8:44  Marine x6  
  132  8:47  Marine  
  132  8:48  Marine  
  139  9:00  Marine  
  139  9:01  Marine x3, Marauder  
  125  9:05  Marine  
  125  9:06  Marine x3, Marauder x2  
  133  9:10  Factory  
  133  9:13  Medivac  
  133  9:14  Medivac  
  134  9:17  Factory Reactor  
  134  9:18  Marine  
  134  9:19  Marine x3  
  134  9:22  Marine  
  134  9:23  Marine  
  129  9:24  Marine x2, Marauder  
  129  9:27  Marine, Marauder  
  131  9:33  Planetary Fortress  
  131  9:37  Marine x3, Marauder  
  136  9:39  Marine  
  136  9:40  Missile Turret  
  136  9:41  Marine  
  136  9:42  Marine x2  
  136  9:45  Marine x2, Medivac  
  141  9:46  Medivac  
  141  9:48  Marine  
  147  9:55  Marine x3  
  147  9:57  Marine x2  
  147  9:59  Marine x3  
  144  10:03  Marauder  
  144  10:04  Marauder  
  144  10:06  Marauder  
  132  10:13  Marine x3  
  135  10:16  Marauder x2  
  135  10:17  Marine  
  140  10:24  Marauder  
  140  10:25  Marine, Marauder  
  140  10:26  Widow Mine x2  
  140  10:27  Medivac x2, Marauder  
  155  10:28  Factory Tech Lab  
  155  10:36  Marine  
  155  10:37  Marauder x2  
  155  10:38  Marine x4  
  163  10:43  Marine  
  163  10:46  Marauder x2  
  163  10:49  Marauder  
  162  10:53  Marine  
  162  10:54  Widow Mine  
  162  10:55  Marine  
  165  10:57  Medivac x2  
  165  10:58  Marine, Marauder  
  172  11:06  Marine  
  172  11:07  Marine  
  172  11:13  Command Center  
  172  11:24  Marine  
  172  11:28  Liberator  
  172  11:41  Marine  
  172  11:42  Marine  
  172  11:43  Marine  
  172  11:44  Supply Depot, Marine, Marauder  
  172  11:45  Supply Depot, Marine x2, Medivac, Widow Mine x3  
  172  11:46  Marauder x4  
  186  11:59  Marine  
  186  12:00  Marine  
  186  12:01  Refinery, Marine  
  186  12:02  Marine, Refinery x2  
  186  12:04  Liberator  
  186  12:06  Marauder  
  186  12:07  Marauder x4  
  185  12:13  Marine x2, Widow Mine x3  
  189  12:17  Marine x2  
  189  12:18  Marine  
  189  12:19  Marine  
  196  12:25  Starport  
  196  12:26  Terran Ship Weapons Level 1  
  196  12:27  Marauder  
  196  12:28  Starport  
  193  12:42  Widow Mine x2  
  193  12:43  Hellion  
  178  12:46  Liberator  
  178  12:48  Terran Infantry Weapons Level 3, Terran Infantry Armor Level 3, Liberator  
  178  12:49  Marine  
  178  12:50  Marine x9, Marauder  
  168  13:02  Liberator  
  168  13:05  Cyclone  
  174  13:07  Marine  
  174  13:08  Marauder  
  174  13:12  SCV x3  
  183  13:14  SCV, Planetary Fortress  
  187  13:31  Liberator  
  187  13:32  Liberator  
  173  13:44  Marine  
  173  13:45  Marine x9, Marauder, Liberator  
  173  13:46  Widow Mine x2  
  163  13:48  Medivac  
  163  13:52  SCV  
  172  14:01  Liberator  
  172  14:02  Marine x3  
  164  14:09  Marine  
  167  14:14  Marine x3, Marauder, Liberator  
  167  14:15  Marine x3  
  151  14:20  Marine x3  
  152  14:27  Marine  
  153  14:32  Marine x6  
  153  14:35  Marine  
  153  14:37  Marine  
  153  14:38  Marine x2  
  164  14:43  Liberator x2  
  164  14:44  Liberator  
  164  14:45  Marine  
  161  14:50  Marine x2  
  161  14:51  Marauder x4  
  169  14:54  Marauder  
  169  14:55  Marine  
  169  14:56  Marine  
  169  14:57  Marine, Liberator  
  166  15:02  Marine, Widow Mine  
  166  15:03  Widow Mine  
  166  15:05  Widow Mine  
  182  15:07  Marine  
  182  15:08  Marine  
  182  15:12  Marauder x4  
  182  15:13  Marine  
  182  15:14  Marine  
  197  15:30  Marine  
  197  15:31  Marauder  
  191  15:58  Marauder  
  191  15:59  Marine, Marauder  
  191  16:00  Marauder  
  191  16:02  Marine  
  191  16:03  Marine x5, Marauder, Liberator x4  
  161  16:08  Widow Mine x3  
  160  16:16  Marine  
  156  16:19  Marine  
  156  16:20  Marine x2  
  156  16:21  Marine x5  
  156  16:22  Marine  
  156  16:24  Marine  
  178  16:29  Terran Ship Weapons Level 2  
  178  16:34  Marine  
  178  16:36  Marine, Widow Mine x2  
  178  16:37  Marine, Widow Mine  
  178  16:38  Marine  
  178  16:39  Marine x2, Marauder  
  192  16:40  Marauder  
  192  16:46  Liberator  
  178  17:03  Medivac  
  183  17:18  Marauder  
  183  17:19  Marine, Marauder  
  183  17:20  Marine x7, Marauder  
  183  17:21  Liberator  
  188  17:29  Liberator  
  150  17:37  Marine  
  150  17:38  Marine x6  
  150  17:39  Marine, Marauder, Widow Mine x3  
  150  17:40  Marine  
  150  17:41  Marine  
  177  17:55  Marine  
  177  17:56  Marine x5, Marauder  
  177  17:57  Marauder  
  189  17:58  Marauder  
  189  17:59  Marauder  
  187  18:06  Marauder  
  180  18:13  Marine x4  
  180  18:14  Marine x2, Hellion, Widow Mine x2  
  180  18:18  Medivac x2  
  180  18:19  Marine  
  176  18:24  Marine x2  
  176  18:26  Command Center  
  178  18:34  Marine  
  178  18:35  Widow Mine  
  178  18:39  Marine x6  
  187  18:42  Marine, Widow Mine x2  
  187  18:44  Medivac x2  
  193  19:02  Marine, Marauder x2  
  198  19:03  Marauder  
Show
View Real Time Build Order
Export as new Build Order

ruo Zerg 

Build Orders: Hatch First 

Get SALT Encoding   

  12  0:01  Drone  
  13  0:13  Overlord  
  13  0:17  Drone  
  14  0:32  Drone  
  14  0:33  Drone  
  17  0:35  Drone  
  17  0:53  Hatchery  
  17  0:55  Drone  
  17  0:58  Drone  
  18  1:10  Extractor  
  17  1:13  Spawning Pool  
  17  1:16  Drone  
  17  1:19  Drone  
  18  1:29  Drone  
  19  1:40  Drone  
  20  1:50  Overlord  
  20  2:02  Roach Warren  
  20  2:03  Queen  
  20  2:04  Queen  
  20  2:06  Zergling x2  
  24  2:09  Zergling x2  
  25  2:26  Drone x3  
  25  2:27  Drone  
  29  2:33  Overlord  
  29  2:38  Drone  
  29  2:41  Queen  
  32  2:45  Roach  
  32  2:49  Roach  
  36  2:56  Roach  
  38  3:00  Roach  
  40  3:07  Overlord  
  40  3:09  Drone  
  40  3:11  Drone x2  
  40  3:12  Drone  
  44  3:15  Overlord  
  44  3:33  Hatchery  
  43  3:35  Drone x3  
  43  3:36  Drone  
  47  3:46  Drone x2  
  51  3:52  Drone x3  
  54  3:58  Extractor  
  54  3:59  Overlord  
  54  4:02  Drone x2  
  55  4:05  Metabolic Boost, Baneling Nest  
  55  4:07  Overlord  
  52  4:15  Drone x3  
  52  4:16  Drone  
  56  4:25  Drone x4  
  56  4:26  Drone x2  
  63  4:31  Evolution Chamber  
  63  4:33  Drone  
  63  4:34  Drone, Evolution Chamber  
  63  4:39  Drone  
  63  4:45  Drone  
  65  4:49  Drone  
  65  4:50  Overlord  
  69  4:52  Drone  
  69  4:53  Drone x3  
  69  4:57  Zerg Melee Weapons Level 1  
  69  4:58  Drone  
  69  4:59  Zerg Ground Armor Level 1  
  71  5:01  Drone x3  
  71  5:03  Drone  
  75  5:08  Drone  
  75  5:13  Lair  
  76  5:15  Drone  
  76  5:17  Extractor  
  76  5:18  Extractor  
  76  5:19  Extractor  
  76  5:20  Drone x3  
  77  5:22  Hatchery  
  77  5:24  Queen  
  78  5:30  Baneling Nest, Drone x4  
  81  5:42  Drone  
  82  5:43  Hatchery  
  82  5:44  Zergling x4  
  82  5:48  Drone  
  82  5:49  Zergling x6  
  87  5:51  Drone  
  87  5:52  Drone x2  
  87  5:56  Overlord  
  90  5:57  Overlord  
  90  6:09  Overlord  
  90  6:14  Queen  
  90  6:15  Zergling x6, Drone x2  
  90  6:16  Zergling x6  
  90  6:18  Centrifical Hooks  
  100  6:20  Baneling  
  100  6:21  Baneling x9  
  100  6:22  Zergling x2  
  101  6:26  Zergling x2  
  101  6:27  Zergling x2  
  101  6:30  Ravager x4  
  103  6:35  Spore Crawler  
  103  6:39  Spore Crawler  
  101  6:58  Zergling x2  
  101  6:59  Zergling x14  
  109  7:04  Zerg Ground Armor Level 2, Zerg Melee Weapons Level 2  
  109  7:06  Zergling x12  
  115  7:14  Overlord x2  
  115  7:19  Zergling x8  
  115  7:25  Zergling x2  
  115  7:26  Queen, Drone  
  115  7:28  Drone x2  
  121  7:31  Drone  
  121  7:32  Zergling x8  
  121  7:35  Overlord  
  121  7:36  Zergling x2  
  127  7:37  Baneling  
  127  7:38  Baneling x3  
  127  7:40  Zergling x2  
  127  7:41  Zergling x2  
  127  7:42  Zergling x2  
  127  7:43  Zergling x2  
  127  7:44  Zergling x2  
  131  7:49  Baneling x3  
  131  7:50  Baneling x8  
  131  7:54  Zergling x2  
  131  7:55  Zergling x2  
  131  7:56  Zergling x4  
  131  7:58  Zergling x4  
  119  7:59  Zergling x4  
  119  8:00  Zergling x2  
  119  8:03  Zergling x4  
  119  8:04  Zergling x4  
  117  8:10  Zergling x2  
  113  8:13  Zergling x4  
  113  8:19  Zergling x4  
  105  8:20  Zergling x2  
  105  8:22  Zergling x6  
  105  8:25  Zergling x4  
  109  8:28  Zergling x2  
  109  8:29  Zergling x4  
  109  8:32  Baneling  
  109  8:33  Baneling x10  
  112  8:35  Spire  
  112  8:37  Drone x6  
  112  8:38  Drone x2  
  112  8:39  Zergling x4  
  112  8:40  Infestation Pit, Zergling x2  
  121  8:43  Zergling x4  
  121  8:44  Zergling x2  
  124  8:48  Zergling x2  
  124  8:49  Zergling x10  
  121  8:59  Zergling x2  
  121  9:00  Zergling x4  
  121  9:01  Zergling x2  
  121  9:02  Zergling x6  
  114  9:03  Baneling x4  
  114  9:04  Baneling  
  114  9:05  Zergling x6  
  116  9:11  Zergling x4  
  116  9:12  Zergling x4  
  116  9:14  Zergling x6  
  116  9:15  Zergling x2  
  116  9:16  Baneling x4  
  121  9:17  Zergling x4  
  121  9:22  Zergling x2  
  121  9:23  Zergling x4  
  121  9:24  Zergling x2  
  120  9:25  Zergling x4  
  120  9:30  Roach  
  120  9:31  Roach x4  
  128  9:32  Roach  
  128  9:36  Hive  
  132  9:39  Zergling x8  
  132  9:41  Baneling x3  
  136  9:48  Zergling x6  
  136  9:49  Zergling x4  
  140  9:53  Ravager x2  
  140  9:59  Zergling x2  
  136  10:00  Zergling x4  
  136  10:03  Zergling x2  
  136  10:05  Ravager x2  
  136  10:06  Zergling x2  
  133  10:09  Ravager  
  134  10:17  Corruptor x4, Zerg Flyer Armor Level 1  
  134  10:20  Overlord x4  
  134  10:21  Overlord x3  
  138  10:44  Corruptor  
  138  10:46  Zergling x2  
  138  10:47  Zergling x48  
  161  10:59  Zergling x2  
  161  11:00  Zergling x18  
  170  11:07  Drone  
  169  11:11  Zergling x6  
  169  11:12  Zergling x2  
  169  11:13  Zergling x6  
  169  11:18  Baneling x18, Hatchery  
  176  11:19  Baneling x2  
  176  11:20  Zergling x2  
  176  11:22  Overlord  
  176  11:24  Overlord  
  176  11:27  Overlord  
  176  11:28  Zergling x2  
  176  11:29  Zergling x4  
  174  11:43  Zergling x2  
  174  11:44  Zergling x24  
  174  11:46  Overseer x2  
  177  11:47  Pneumatized Carapace  
  177  11:50  Zergling x6  
  172  12:04  Zergling x2  
  153  12:10  Zerg Melee Weapons Level 3, Adrenal Glands, Zerg Ground Armor Level 3  
  153  12:14  Zergling x8  
  153  12:15  Zergling x8  
  160  12:17  Zergling x4  
  160  12:18  Zergling x2  
  160  12:20  Hatchery  
  160  12:21  Drone x3  
  165  12:29  Zergling x8  
  169  12:32  Baneling  
  169  12:33  Baneling x4  
  169  12:36  Zergling x2  
  164  12:43  Zergling x24  
  154  12:48  Zergling x2  
  154  12:49  Zergling x8  
  124  12:58  Zergling x2  
  124  12:59  Zergling x4  
  124  13:06  Baneling x4  
  124  13:07  Baneling x2  
  124  13:08  Zergling x14  
  124  13:09  Zergling x8  
  135  13:16  Ultralisk Cavern  
  135  13:20  Zergling x14  
  135  13:21  Zergling x2  
  135  13:23  Drone x3  
  135  13:24  Baneling x4  
  145  13:35  Baneling x5  
  136  13:44  Zergling x30  
  136  13:47  Zergling x4  
  121  13:49  Zergling x4  
  121  13:52  Baneling x4  
  121  13:53  Baneling x2  
  121  13:54  Zergling x4  
  125  14:00  Zergling x2  
  117  14:07  Zergling x6  
  117  14:08  Zergling x6  
  117  14:09  Zergling x4  
  125  14:13  Zergling x2  
  125  14:15  Zergling x4  
  117  14:21  Overseer  
  113  14:25  Chitinous Plating  
  113  14:31  Zergling x6  
  113  14:32  Zergling x6  
  113  14:34  Zergling x10  
  113  14:35  Zergling x6  
  113  14:36  Baneling  
  113  14:37  Baneling x6  
  113  14:38  Baneling, Hatchery  
  127  14:44  Zergling x4  
  119  14:49  Zergling x2  
  116  14:54  Zergling x4  
  116  14:57  Zergling x4  
  116  14:59  Zergling x8  
  124  15:00  Zergling x12  
  124  15:01  Zergling x4  
  124  15:05  Zergling x4  
  124  15:06  Zergling x6  
  137  15:08  Zergling x2  
  137  15:12  Corruptor  
  140  15:14  Zergling x6  
  140  15:15  Zergling x10  
  140  15:19  Zergling x6  
  140  15:20  Zergling x2  
  140  15:21  Baneling x3  
  152  15:27  Zergling x4  
  152  15:28  Zergling x8  
  152  15:35  Zergling x6  
  154  15:36  Zergling x8  
  154  15:39  Zergling x4  
  154  15:42  Corruptor  
  161  15:44  Zergling x6  
  161  15:46  Baneling x4  
  161  15:47  Baneling  
  161  15:48  Baneling x2  
  158  16:01  Zergling x2  
  158  16:03  Zergling x2  
  137  16:04  Overlord  
  137  16:06  Zergling x2  
  137  16:07  Zergling x28  
  148  16:14  Zergling x2, Corruptor x2  
  130  16:19  Zergling x10  
  134  16:33  Baneling  
  134  16:34  Baneling x11  
  134  16:35  Zergling x6  
  134  16:39  Viper x2  
  139  16:43  Viper x2  
  142  16:50  Hatchery  
  130  16:59  Spore Crawler  
  130  17:00  Spore Crawler  
  113  17:01  Spore Crawler x2  
  113  17:02  Zergling x2, Spore Crawler  
  113  17:03  Zergling x22  
  121  17:09  Zergling x12  
  121  17:10  Drone  
  121  17:11  Drone  
  121  17:14  Zergling x6  
  132  17:20  Zergling x2  
  122  17:26  Zergling x2  
  113  17:30  Zergling x2  
  113  17:34  Zergling x8  
  113  17:35  Zergling x24  
  107  17:37  Zergling x2  
  107  17:38  Zergling x4  
  107  17:41  Zergling x4  
  106  17:47  Baneling x2  
  106  17:48  Zergling x12  
  112  17:57  Zergling x16  
  111  18:02  Zergling x4  
  104  18:11  Zergling x20  
  104  18:12  Zergling x4  
  105  18:16  Zergling x2  
  105  18:19  Zergling x4  
  101  18:20  Baneling x5  
  101  18:27  Zergling x10  
  101  18:28  Zergling x2  
  101  18:36  Baneling x10  
  99  18:42  Zergling x2  
  99  18:43  Zergling x4  
  70  18:58  Zergling x4  
  70  18:59  Zergling x6  
  75  19:03  Zergling x6  
  76  19:16  Zergling x10  
Tags
 
Add a new tag
Caveats
  • Supply blocks, unpowered buildings, or Contaminate may cause inaccurate times.
  • Supply counts are checked every 10 seconds.